 Dungeon Crawl Stone Soup version 0.21-a0-264-g3e31e41 (webtiles) character file.

49 JackS81 the Changer (level 3, 0/26 HPs)
             Began as a Merfolk Transmuter on Sept 10, 2017.
             Succumbed to an adder's poison
             ... on level 2 of the Dungeon.
             The game lasted 00:05:15 (1534 turns).

JackS81 the Changer (Merfolk Transmuter)            Turns: 1534, Time: 00:05:16

Health: 0/26       AC:  2    Str: 10    XL:     3   Next: 75%
Magic:  6/6        EV: 13    Int: 13    God:
Gold:   57         SH:  0    Dex: 16    Spells: 2/6 levels left

rFire    . . .     SeeInvis +     - Unarmed
rCold    . . .     Gourm    .   (no shield)
rNeg     . . .     Faith    .   b - +0 robe
rPois    .         Spirit   .   (no helmet)
rElec    .         Reflect  .   (no cloak)
rCorr    .         Harm     .   (no gloves)
MR       .....                  (no boots)
Stlth    +.........             f - amulet of rage
HPRegen  0.08/turn              g - ring of see invisible
MPRegen  0.10/turn              m - +2 ring of dexterity (curse)

@: lethally poisoned (0 -> -13), appendage, berserk cooldown, slowed, very slow
A: change form in water, swift swim, stealthy swim, horns 2
a: End Transformation, Evoke Berserk Rage


You were on level 2 of the Dungeon.
You were not hungry.
You had grown temporary horns.
You visited 1 branch of the dungeon, and saw 2 of its levels.

You collected 57 gold pieces.

Inventory:

Missiles
 a - 28 arrows
Armour
 b - a +0 robe (worn)
Jewellery
 f - an amulet of rage (around neck)
 g - a ring of see invisible (left hand)
 m - a cursed +2 ring of dexterity (right hand)
Scrolls
 e - a scroll of fog {unknown}
 h - a scroll of identify {unknown}
 i - 2 scrolls of remove curse {unknown}
Books
 c - a book of Changes

   Spells                             Type                      Level
   a - Beastly Appendage              Transmutation                1
   b - Sticks to Snakes               Transmutation                2
   c - Spider Form                    Transmutation/Poison         3
   d - Ice Form                       Ice/Transmutation            4
   e - Blade Hands                    Transmutation                5
Comestibles
 k - a royal jelly
 l - 3 fruits


   Skills:
 - Level 1.1 Fighting
 - Level 2.6 Dodging
 - Level 3.2 Unarmed Combat
 - Level 2.0 Spellcasting
 * Level 5.3 Transmutations


You had 2 spell levels left.
You knew the following spells:

 Your Spells              Type           Power        Failure   Level  Hunger
a - Beastly Appendage     Tmut           ###...       2%          1    ##.....
b - Spider Form           Tmut/Pois      #.........   26%         3    ####...


Dungeon Overview and Level Annotations

Branches:
Dungeon (2/15)

Altars:


Innate Abilities, Weirdness & Mutations

You revert to your normal form in water.
You are very nimble and swift while swimming.
You are very stealthy in the water. (Stealth+)
You have a pair of horns on your head.


Message History

It was a potion of berserk rage.
A red film seems to cover your vision as you go berserk!
You feel yourself moving faster!
You feel mighty!
* * * LOW HITPOINT WARNING * * *
You feel sick.
You feel a strong urge to attack something.
* * * LOW HITPOINT WARNING * * *
You feel sick.
You see here an adder corpse.
* * * LOW HITPOINT WARNING * * *
You feel sick.
You feel your anger subside.
* * * LOW HITPOINT WARNING * * *
You feel sick.
You are no longer berserk.
You are exhausted.
You feel yourself slow down.
* * * LOW HITPOINT WARNING * * *
You feel sick.
You die...

#..........#
#..........#
#.########## #.#.##
#.###.#
##.#.#######
#..........#
#.#....†...########
..
#........@.......
#.#
#.........####### #
##.......##
#.......#
.........#
.##########


There were no monsters in sight!

Vanquished Creatures
  A gnoll (D:2)
  An adder (D:2)
  A dart slug (D:1)
  A worm (D:2)
  A leopard gecko (D:1)
  A giant cockroach (D:1)
  5 hobgoblins
  3 kobolds
  A quokka (D:2)
  A ball python (D:1)
  4 bats
  2 frilled lizards
  2 goblins (D:1)
  2 rats (D:1)
26 creatures vanquished.

Notes
Turn   | Place    | Note
-------+----------+-------------------------------------------
     0 | D:1      | JackS81 the Merfolk Transmuter began the quest for the Orb.
     0 | D:1      | Reached XP level 1. HP: 15/15 MP: 3/3
    93 | D:1      | Reached skill level 3 in Transmutations
   102 | D:1      | Reached XP level 2. HP: 13/21 MP: 5/5
   545 | D:1      | Reached skill level 4 in Transmutations
   831 | D:2      | Reached XP level 3. HP: 24/26 MP: 6/6
  1153 | D:2      | Reached skill level 5 in Transmutations
  1498 | D:2      | Learned a level 3 spell: Spider Form
  1533 | D:2      | HP: 1/26 [poisoned by an adder]
  1534 | D:2      | Succumbed to an adder's poison

Vault maps used:
D:1:      lemuel_arrival_river_passageway, minmay_pentomino_z4
D:2:      first_bread, st_stairs_9, uniq_jessica

Skill      XL: |  1  2  3 |
---------------+----------+-----
Transmutations | 3 4 5 |  5.3
Fighting       | |  1.1
Dodging        | |  2.6
Unarmed Combat | |  3.2
Spellcasting   | |  2.0

Action                   || total
-------------------------++-------
Melee: Unarmed           ||    75
       Headbutt          ||    13
 Cast: Beastly Appendage ||    15
  Use: Potion            ||     1
  Eat: Bread ration      ||     1
Armor: Robe              ||    15
Dodge: Dodged            ||    33

Table legend:
 A = Spawn XP
 B = Non-spawn XP
 C = Spawn XP percentage of total XP
 D = Spawn monster count
 E = Non-spawn monster count
 F = Spawn count percentage of total count
 G = Total turns spent on level
                    A         B        C        D         E        F      G
               +---------+---------+-------+---------+---------+-------+---------
         Total |       0 |      70 |   0.0 |       0 |      26 |   0.0 |  1534
               +---------+---------+-------+---------+---------+-------+---------
           D:1 |       0 |      29 |   0.0 |       0 |      17 |   0.0 |  1124
           D:2 |       0 |      41 |   0.0 |       0 |       9 |   0.0 |   410
               +---------+---------+-------+---------+---------+-------+---------
